 Dungeon Crawl Stone Soup version 0.29.1-4-g47bece8355 (webtiles) character file.

Game seed: 11611398128885283334

2 vlino77 the Stinger (level 1, -2/11 HPs)
             Began as an Octopode Venom Mage on Dec 7, 2022.
             Was a Follower of Qazlal.
             Succumbed to a kobold's poison
             ... on level 1 of the Dungeon.
             The game lasted 00:03:44 (1037 turns).

vlino77 the Stinger (Octopode Venom Mage)           Turns: 1037, Time: 00:03:45

Health: -2/11      AC:  1    Str:  7    XL:     1   Next: 40%
Magic:  3/3        EV: 13    Int: 17    God:    Qazlal [*.....]
Gold:   48         SH:  1    Dex: 12    Spells: 3/4 levels left

rFire   . . .      SeeInvis .   c - +0 hand axe
rCold   . . .      Faith    .   (no shield)
rNeg    . . .      Spirit   .   (helmet restricted)
rPois   .          Reflect  .   (no amulet)
rElec   .          Harm     .   (no ring)
rCorr   .          Rampage  .   (no ring)
Will    .....                   (no ring)
Stlth   +++.......              (no ring)
HPRegen 0.03/turn               (no ring)
MPRegen 0.08/turn               (no ring)
                                (no ring)
                                (no ring)

@: lethally poisoned (-2 -> -16)
A: almost no armour, amphibious, 8 rings, camouflage 1, gelatinous body 1,
(nimble swimmer 1), tentacles
a: Renounce Religion


You were on level 1 of the Dungeon.
You worshipped Qazlal.
Qazlal was aware of your devotion.
You visited 1 branch of the dungeon, and saw 1 of its levels.

You collected 48 gold pieces.

Inventory:

Hand Weapons
 c - a +0 hand axe (weapon)
 e - a +0 dagger
Scrolls
 d - a scroll of fog {unknown}
Potions
 a - a potion of magic
 b - a potion of ambrosia {unknown}


   Skills:
 + Level 2.0 Dodging
 + Level 2.8 Stealth
 + Level 2.0 Spellcasting
 + Level 1.1 Transmutations
 + Level 3.7 Poison Magic


You had 3 spell levels left.
You knew the following spells:

 Your Spells              Type           Power      Damage    Failure   Level
a - Sting                 Tmut/Pois      36%        1d4       7%          1

Your spell library contained the following spells:

 Spells                   Type           Power      Damage    Failure   Level
 Poisonous Vapours        Pois/Air       16%        N/A       14%         2
 Mephitic Cloud           Conj/Pois/Air  5%         N/A       34%         3
 Olgreb's Toxic Radiance  Pois           14%        N/A       38%         4


Dungeon Overview and Level Annotations

Branches:
Dungeon (1/15)

Altars:
Qazlal


Innate Abilities, Weirdness & Mutations

You cannot wear most types of armour.
You are amphibious.
You can wear up to eight rings at the same time.
Your skin changes colour to match your surroundings (Stealth+).
Your rubbery body absorbs attacks. (AC +1, EV +1)
((You are camouflaged when in or above water. (Stealth+)))
You have tentacles for arms and can constrict up to eight enemies at once.


Message History

You now have 44 gold pieces (gained 2).
Found a faded altar of an unknown god.
There is a faded altar of an unknown god here.
You cannot tell which god this altar belongs to.
Convert to them anyway?
Qazlal accepts your prayer! Qazlal welcomes you!
Qazlal grants you and your divine allies immunity to clouds.
You are now surrounded by a storm.
You open the door.
There is an open door here.
Found a scroll labelled PUANGO BUBE.
d - a scroll labelled PUANGO BUBE
Found 4 gold pieces.
You now have 48 gold pieces (gained 4).
There is an open door here.
There is a staircase leading out of the dungeon here.
You open the door.
There is an open door here.
There is a stone staircase leading down here.
There is an open door here.
There is an escape hatch in the floor here.
There is an open door here.
A kobold comes into view. It is wielding a +0 dagger of venom.
The kobold shouts!
The kobold hits you with a +0 dagger of venom.
You are poisoned.
You barely miss the kobold. Your grab misses the kobold.
Your squeeze misses the kobold.
You feel very sick. The kobold misses you.
You hit the kobold but do no damage. Your grab misses the kobold.
You feel sick.
The kobold hits you with a +0 dagger of venom.
* * * LOW HITPOINT WARNING * * *
You are more poisoned.
You closely miss the kobold. You grab the kobold.
Your tentacle-slap misses the kobold.
You squeeze the kobold.
You kill the kobold!
Qazlal accepts your kill.
You die...

#.# #......'.........'.>...
#.###...####.........####..
#......## ##.......##>....
####.### ##.....###.###.
#.# ##...## # #. ##.#####
##+## #. #......# #.
#..###.#######.# #.
#.......@).....#
#.####.######... #. #.# #.
..# ## ####


There were no monsters in sight!

Vanquished Creatures
  An endoplasm (D:1)
  2 goblins (D:1)
  A kobold (D:1)
4 creatures vanquished.

Notes
Turn   | Place    | Note
-------+----------+-------------------------------------------
     0 | D:1      | vlino77 the Octopode Venom Mage began the quest for the
                  | Orb.
     0 | D:1      | Reached XP level 1. HP: 11/11 MP: 3/3
   763 | D:1      | Found a faded altar of an unknown god.
   778 | D:1      | Prayed at the altar of an unknown god.
   778 | D:1      | Became a worshipper of Qazlal Stormbringer
   778 | D:1      | Reached * piety under Qazlal
  1037 | D:1      | Succumbed to a kobold's poison

Illustrated notes

Levels and vault maps discovered:
D:1:      psy_arrival_statuary, layout_loops_corners,
          shapermc_ecumenical_altar_mp_highgroup, kennysheep_boxes

Action                   || total
-------------------------++-------
Melee: Unarmed           ||     8
       Tentacles         ||     4
       Hand axe          ||     3
       Dagger            ||     2
       Constrict         ||     1
 Cast: Sting             ||     2
  Use: Scroll            ||     3
Dodge: Dodged            ||     4
